[Event "Titled Tuesday Blitz January 25 2022"]
[White "Klimkowski, Jan"]
[Black "Lauridsen, Jesper Morch"]
[WhiteFideId "21856222"]
[BlackFideId "1401890"]
[WhiteElo "2172"]
[BlackElo "2236"]
[Result "1-0"]
[Round "03"]
[TimeControl "180+1"]
[Date "2022.01.26"]
[WhiteClock "0:00:46"]
[BlackClock "0:00:01"]

1. e4 c5 2. Nf3 d6 3. d4 cxd4 4. Nxd4 Nf6 5. Nc3 g6 6. f4 Nc6 7. Be2 Bg7 8. Be3 O-O 9. Qd2 Bd7 10. O-O Nxd4 11. Bxd4 b5 12. e5 dxe5 13. fxe5 b4 14. exf6 bxc3 15. Qxc3 exf6 16. Bxf6 Qb6+ 17. Kh1 Rac8 18. Bxg7 Rxc3 19. Bxc3 Bb5 20. Rf6 Qb7 21. Bf3 Qc7 22. h3 Bc4 23. a3 Be6 24. Re1 Rd8 25. Rf1 Bd5 26. Bg4 Qc4 27. R6f2 h5 28. Be2 Qc8 29. Kg1 Bc4 30. Bxc4 Qxc4 31. Re1 Qc6 32. Rfe2 a6 33. Kh1 Qb5 34. Re5 Qc6 35. Re7 h4 36. R7e4 g5 37. Re5 Qg6 38. Re8+ Rxe8 39. Rxe8+ Kh7 40. Rh8# 1-0


[Site "https://www.chess.com"]

[Event "Titled Tuesday Blitz January 25 2022"]
[White "Koelle, Tobias"]
[Black "Eljanov, Pavel"]
[WhiteFideId "16207378"]
[BlackFideId "14102951"]
[WhiteElo "2541"]
[BlackElo "2601"]
[Result "0-1"]
[Round "03"]
[TimeControl "180+1"]
[Date "2022.01.26"]
[WhiteClock "0:00:44"]
[BlackClock "0:02:07"]

1. d4 Nf6 2. c4 e6 3. Nf3 b6 4. g3 Bb7 5. Bg2 Be7 6. O-O O-O 7. d5 exd5 8. Nh4 c6 9. cxd5 Nxd5 10. Nf5 Nc7 11. e4 d5 12. Nc3 Bf6 13. Bf4 Nba6 14. Nd6 Bc8 15. exd5 Bxc3 16. bxc3 Nxd5 17. Be5 Nc5 18. c4 Ne7 19. Qc2 Ng6 20. Nxc8 Nxe5 21. Bh3 Rxc8 22. Bxc8 Qxc8 23. f4 Ned3 24. Rad1 Rd8 25. Rf3 Qd7 26. Qe2 Nxf4 27. Rxd7 Nxe2+ 28. Kf2 Rxd7 29. Re3 g6 0-1


[Site "https://www.chess.com"]

[Event "Titled Tuesday Blitz January 25 2022"]
[White "Korchmar, Vasiliy"]
[Black "Shuvalov, Evgenij"]
[WhiteFideId "24131750"]
[BlackFideId "4187237"]
[WhiteElo "2370"]
[BlackElo "2119"]
[Result "1-0"]
[Round "03"]
[TimeControl "180+1"]
[Date "2022.01.26"]
[WhiteClock "0:00:07"]
[BlackClock "0:00:02"]

1. d4 Nf6 2. Bf4 d5 3. e3 c5 4. Nf3 Nc6 5. Nbd2 cxd4 6. exd4 Bf5 7. Bb5 a6 8. Bxc6+ bxc6 9. c4 e6 10. Qa4 Rc8 11. c5 Bd3 12. Ne5 Bb5 13. Qb3 a5 14. a4 Ba6 15. Qb6 Qxb6 16. cxb6 Nd7 17. Nxd7 Kxd7 18. Nb3 Bb4+ 19. Bd2 Bc4 20. Nc5+ Bxc5 21. dxc5 Ra8 22. Bc3 f6 23. f4 e5 24. fxe5 fxe5 25. O-O-O d4 26. Rhe1 Rhe8 27. Kc2 Re7 28. b3 Ba6 29. Bxa5 Ke8 30. Re4 d3+ 31. Kd2 Rb8 32. Bc3 Rd8 33. Rde1 Rd5 34. Rxe5 Rexe5 35. Rxe5+ Rxe5 36. Bxe5 Kd7 37. Bxg7 Ke6 38. b4 Kd5 39. g4 Kc4 40. Bc3 Kb3 41. a5 Kc4 42. g5 Kd5 43. h4 Ke4 44. h5 Kf5 45. Bf6 Ke6 46. Bc3 Kf7 47. Bf6 Kg8 48. Ke3 Kf7 49. Bc3 Kg8 50. Kf4 Kf7 51. Ke5 Kf8 52. Ke6 Kg8 53. Kd7 Bb5 54. b7 d2 55. b8=Q+ Kf7 56. Bxd2 Bc4 57. Qf4+ Kg8 58. Ke7 Be6 59. Qf8# 1-0


[Site "https://www.chess.com"]

[Event "Titled Tuesday Blitz January 25 2022"]
[White "Kozak, Antoni"]
[Black "Piorun, Kacper"]
[WhiteFideId "21832030"]
[BlackFideId "1130420"]
[WhiteElo "2232"]
[BlackElo "2571"]
[Result "0-1"]
[Round "03"]
[TimeControl "180+1"]
[Date "2022.01.26"]
[WhiteClock "0:00:04"]
[BlackClock "0:00:15"]

1. d4 c5 2. d5 g6 3. c4 Bg7 4. e4 d6 5. Bd3 Nf6 6. h3 O-O 7. Nf3 e6 8. Nc3 exd5 9. exd5 Re8+ 10. Be3 a6 11. a4 Nbd7 12. O-O Nh5 13. Qd2 Ne5 14. Nxe5 Bxe5 15. Rfe1 Bd7 16. Be2 Ng7 17. g4 f5 18. f4 Bd4 19. Bxd4 cxd4 20. Qxd4 Qh4 21. Qf2 Qxh3 22. g5 Re3 23. Bf1 Rg3+ 24. Bg2 Nh5 25. Ne2 Rg4 26. c5 Re8 27. c6 bxc6 28. dxc6 Bxc6 29. Ng3 Qxg3 30. Rxe8+ Bxe8 31. Qxg3 Rxg3 32. Kf2 Rg4 33. a5 Rxf4+ 34. Ke3 Rb4 35. Bf1 Bb5 36. Bxb5 Rxb5 37. Rd1 Rxa5 0-1


[Site "https://www.chess.com"]

[Event "Titled Tuesday Blitz January 25 2022"]
[White "Kretov, Evgenij"]
[Black "Willow, Jonah B"]
[WhiteFideId "4167821"]
[BlackFideId "438804"]
[WhiteElo "2303"]
[BlackElo "2261"]
[Result "0-1"]
[Round "03"]
[TimeControl "180+1"]
[Date "2022.01.26"]
[WhiteClock "0:00:22"]
[BlackClock "0:00:42"]

1. d4 Nf6 2. c4 e6 3. Nc3 c5 4. d5 exd5 5. cxd5 d6 6. e4 g6 7. f4 Bg7 8. Bb5+ Nfd7 9. a4 O-O 10. Nf3 Na6 11. O-O Nb4 12. Re1 a6 13. Bf1 Re8 14. Be3 f5 15. Ng5 fxe4 16. Ne6 Qa5 17. Nxe4 Nf8 18. Nxd6 Rxe6 19. dxe6 Bxe6 20. Bc4 Rd8 21. Bxe6+ Nxe6 22. Nxb7 Rxd1 23. Nxa5 Rxa1 24. Rxa1 Nc2 25. Rd1 Nxe3 26. Rd6 Nxf4 27. Rxa6 Bd4 28. Nb3 Bxb2 29. Nxc5 Nexg2 30. Ra8+ Kf7 31. Rd8 Ke7 32. Rd2 Bc3 33. Rxg2 Bd4+ 34. Kh1 Bxc5 35. Rc2 Kd6 36. a5 Nd5 37. a6 Nc7 38. Ra2 Kc6 39. Kg2 Kb6 40. a7 Kb7 41. Re2 Kxa7 42. Kf3 Kb6 43. Kf4 Kc6 44. Kg5 Bf8 45. Kf6 Nd5+ 46. Kf7 Bd6 47. Kg8 h5 48. Kh7 Nf4 49. Rd2 g5 50. Kh6 Be7 51. Rd1 h4 52. Rg1 Ne6 53. Kh5 Kd5 54. Kg4 Ke5 55. Re1+ Kf6 56. h3 Bd8 57. Rf1+ Kg6 58. Ra1 Bf6 59. Ra6 Nd8 60. Ra8 Nf7 61. Rg8+ Kh7 62. Rf8 Kg7 63. Ra8 Kg6 64. Rg8+ Bg7 65. Re8 Ne5+ 66. Rxe5 Bxe5 0-1


[Site "https://www.chess.com"]

[Event "Titled Tuesday Blitz January 25 2022"]
[White "Krzywda, Andrzej"]
[Black "Rychagov, Andrey"]
[WhiteFideId "1114565"]
[BlackFideId "4119932"]
[WhiteElo "2098"]
[BlackElo "2500"]
[Result "0-1"]
[Round "03"]
[TimeControl "180+1"]
[Date "2022.01.26"]
[WhiteClock "0:00:01"]
[BlackClock "0:00:04"]

1. e4 c5 2. Nc3 Nc6 3. Bb5 g6 4. Bxc6 dxc6 5. d3 Bg7 6. f4 Nf6 7. Nf3 Bg4 8. O-O O-O 9. h3 Bxf3 10. Qxf3 Nd7 11. Be3 b6 12. e5 Qc7 13. Ne4 Rfe8 14. a4 Nf8 15. Rae1 Qd7 16. h4 h5 17. Qg3 Qf5 18. b3 Ne6 19. Nd2 Bh6 20. Nc4 Ng7 21. Bc1 Qg4 22. Qf2 Nf5 23. Ne3 Qxh4 24. Nxf5 Qxf2+ 25. Kxf2 gxf5 26. Rh1 Kg7 27. Rxh5 Kg6 28. Reh1 Rh8 29. g4 e6 30. gxf5+ exf5 31. R5h3 Rag8 32. Rg1+ Kh7 33. Rgh1 Rg6 34. Rh5 Rhg8 35. R1h2 f6 36. Rxf5 fxe5 37. fxe5 Kg7 38. Bxh6+ Rxh6 39. Rxh6 Kxh6 40. Rf6+ Kg5 41. Rxc6 Rh8 42. Ke3 Rh2 43. Ke4 Rxc2 44. Kd5 Rc3 45. e6 Rxd3+ 46. Ke5 Re3+ 47. Kd6 Kf6 48. Kd7 Re1 49. Rc8 Rxe6 50. Rf8+ Ke5 51. Rf7 Rd6+ 52. Kc8 Rd3 53. Rxa7 Rxb3 54. Kc7 Kd4 55. Kc6 c4 56. Rd7+ Kc3 0-1


[Site "https://www.chess.com"]

[Event "Titled Tuesday Blitz January 25 2022"]
[White "Kukhmazov, Arsen"]
[Black "Martin Duque, Jesus"]
[WhiteFideId "24108260"]
[BlackFideId "2208954"]
[WhiteElo "2487"]
[BlackElo "2243"]
[Result "1/2-1/2"]
[Round "03"]
[TimeControl "180+1"]
[Date "2022.01.26"]
[WhiteClock "0:00:05"]
[BlackClock "0:01:16"]

1. d4 Nf6 2. c4 b6 3. Nf3 Bb7 4. Nc3 e6 5. a3 d5 6. Bg5 Be7 7. Qa4+ Qd7 8. Qc2 h6 9. Bxf6 Bxf6 10. cxd5 exd5 11. g3 O-O 12. Bg2 c5 13. Rd1 Na6 14. O-O Rac8 15. dxc5 bxc5 16. Nxd5 Bxd5 17. e4 Bxe4 18. Qxe4 Qb5 19. Ne5 Rfe8 20. Qc4 Qxc4 21. Nxc4 Rb8 22. Rd2 Bd4 23. Rfd1 Nc7 24. b4 Nb5 25. Bc6 Re6 26. Bd7 Rf6 27. Bxb5 Rxb5 28. Kg2 Bc3 29. Rd8+ Kh7 30. Nd6 Rb6 31. Ne4 cxb4 32. Nxf6+ Bxf6 33. R8d7 bxa3 34. Rxa7 Rb2 35. Rxa3 Kg6 36. Rf3 h5 37. Rd5 Ra2 38. h3 Rb2 39. Rff5 h4 40. g4 Ra2 41. Rf3 Rb2 42. Rfd3 Ra2 43. Rd2 Ra3 44. R5d3 Ra4 45. Re2 Rb4 46. Kf3 Ra4 47. Re4 Ra2 48. Ke3 Ra1 49. f4 Rg1 50. Kf2 Rh1 51. f5+ Kg5 52. Kg2 Ra1 53. Rd7 Ra2+ 54. Kf3 Rh2 55. Rxf7 Rxh3+ 56. Kf2 Rg3 57. Rb7 Rxg4 58. Rxg4+ Kxg4 59. Rb5 Bd4+ 60. Kg2 h3+ 61. Kh2 Be3 62. Kh1 Bf4 63. Rb7 Be5 64. Rf7 h2 65. Rf8 Kg5 66. Rf7 Kg4 67. Rf8 Kf4 68. Rf7 Kg5 69. Rf8 Kh6 70. Re8 Bf4 71. Rf8 Kg5 72. Rf7 Be5 73. Kg2 Kg4 74. Rf8 Kg5 75. Rf7 Kg4 76. Rf8 Kg5 77. Rf7 1/2-1/2


[Site "https://www.chess.com"]

[Event "Titled Tuesday Blitz January 25 2022"]
[White "Lehtosaari, Mauri"]
[Black "Leiva, Gianmarco"]
[WhiteFideId "501999"]
[BlackFideId "3804399"]
[WhiteElo "2498"]
[BlackElo "2328"]
[Result "0-1"]
[Round "03"]
[TimeControl "180+1"]
[Date "2022.01.26"]
[WhiteClock "0:00:03"]
[BlackClock "0:00:21"]

1. d4 Nf6 2. Nf3 e6 3. Bg5 d5 4. Nbd2 Be7 5. e3 O-O 6. Bd3 b6 7. O-O Ba6 8. Ne5 Bxd3 9. cxd3 Nfd7 10. Bxe7 Qxe7 11. Rc1 Nxe5 12. dxe5 c5 13. f4 Nc6 14. Nf3 Rac8 15. Ng5 Nxe5 16. Nxh7 Kxh7 17. Qh5+ Kg8 18. fxe5 f6 19. Rf3 Qe8 20. Qxe8 Rcxe8 21. exf6 Rxf6 22. Rxf6 gxf6 23. Kf2 Kf7 24. Kf3 f5 25. g3 Kf6 26. a3 Rc8 27. b4 e5 28. bxc5 bxc5 29. Rb1 c4 30. dxc4 Rxc4 31. Rb7 e4+ 32. Kf4 Rc2 33. g4 Rf2+ 34. Kg3 Rf3+ 35. Kh4 Rxe3 36. gxf5 Rxa3 37. Rd7 Kxf5 38. Rxd5+ Kf4 39. Rd8 e3 40. Rf8+ Ke4 41. Kg3 Ra1 42. Re8+ Kd3 43. Kf3 Rf1+ 44. Kg2 e2 45. Rd8+ Kc4 0-1


[Site "https://www.chess.com"]

[Event "Titled Tuesday Blitz January 25 2022"]
[White "Lenderman, Aleksandr"]
[Black "Jary, Sergey"]
[WhiteFideId "2021285"]
[BlackFideId "14110350"]
[WhiteElo "2651"]
[BlackElo "2260"]
[Result "1-0"]
[Round "03"]
[TimeControl "180+1"]
[Date "2022.01.26"]
[WhiteClock "0:00:12"]
[BlackClock "0:00:02"]

1. d4 Nf6 2. c4 g6 3. Nc3 Bg7 4. e4 d6 5. Nf3 O-O 6. Be2 e5 7. O-O Na6 8. Be3 Qe7 9. dxe5 dxe5 10. Nd5 Nxd5 11. cxd5 Bd7 12. Qb3 Nc5 13. Qa3 b6 14. Nd2 c6 15. Nb3 cxd5 16. Nxc5 bxc5 17. Bxc5 Qg5 18. exd5 e4 19. Bxf8 Bxf8 20. d6 Re8 21. Rad1 e3 22. f4 Qf6 23. Qxa7 Bc6 24. d7 Rd8 25. Qxe3 Bxd7 26. Kh1 Re8 27. Qd4 Qxd4 28. Rxd4 Rxe2 29. Rxd7 Rxb2 30. Ra7 Bc5 31. Ra8+ Kg7 32. a4 h5 33. g3 Kf6 34. a5 Kf5 35. Rc8 Bb4 36. a6 Ra2 37. Rb1 Bd2 38. a7 Rxa7 39. Rc2 Be3 40. Kg2 h4 41. Kf3 Bd4 42. g4+ Ke6 43. Ke4 Bg7 44. Rb6+ Ke7 45. Rbc6 Ra4+ 46. R6c4 Ra6 47. Rc7+ Kf8 48. Rc8+ Ke7 49. R2c7+ Kd6 50. Rxf7 Ra4+ 51. Kd3 Ra3+ 52. Ke4 Ra4+ 53. Kf3 Ra3+ 54. Ke2 Bd4 55. Rd8+ Ke6 56. Rff8 Bg1 57. f5+ gxf5 58. gxf5+ Ke7 59. f6+ Ke6 60. Rde8+ Kd7 61. Re7+ Kd6 62. Rd8+ Kc6 63. f7 Ra2+ 64. Kf1 Rf2+ 65. Kxg1 Rf5 66. f8=Q 1-0


[Site "https://www.chess.com"]

[Event "Titled Tuesday Blitz January 25 2022"]
[White "Liyanage, Ranindu Dilshan"]
[Black "Pultinevicius, Paulius"]
[WhiteFideId "9915834"]
[BlackFideId "12809390"]
[WhiteElo "1858"]
[BlackElo "2413"]
[Result "0-1"]
[Round "03"]
[TimeControl "180+1"]
[Date "2022.01.26"]
[WhiteClock "0:00:22"]
[BlackClock "0:00:41"]

1. e4 e5 2. Nf3 Nf6 3. d4 Nxe4 4. Bd3 d5 5. Nxe5 Nd7 6. O-O Nxe5 7. dxe5 Nc5 8. c4 Nxd3 9. Qxd3 Be6 10. cxd5 Qxd5 11. Qxd5 Bxd5 12. Nc3 Be6 13. Be3 a6 14. Rac1 O-O-O 15. f4 Bf5 16. Rfd1 Rxd1+ 17. Rxd1 Bb4 18. a3 Bxc3 19. bxc3 Rd8 20. Rxd8+ Kxd8 21. Kf2 Kd7 22. h3 Kc6 23. g4 Bb1 24. f5 Ba2 25. Bd4 Kb5 26. Ke3 c5 27. g5 cxd4+ 28. cxd4 g6 29. e6 fxe6 30. f6 e5 31. dxe5 Be6 32. Kd4 b6 33. Kc3 Ka4 34. Kb2 a5 35. h4 b5 36. Kc3 Kxa3 37. Kd4 Kb4 0-1


[Site "https://www.chess.com"]

[Event "Titled Tuesday Blitz January 25 2022"]
[White "Maksimovic, Bojan"]
[Black "Guseva, Marina"]
[WhiteFideId "14408120"]
[BlackFideId "4149351"]
[WhiteElo "2450"]
[BlackElo "2232"]
[Result "1-0"]
[Round "03"]
[TimeControl "180+1"]
[Date "2022.01.26"]
[WhiteClock "0:01:05"]
[BlackClock "0:00:24"]

1. d4 Nf6 2. c4 e6 3. Nf3 b6 4. Nc3 Bb4 5. Bd2 Bb7 6. e3 O-O 7. Qc2 d5 8. O-O-O a5 9. cxd5 Bxc3 10. Bxc3 Bxd5 11. Nd2 a4 12. Kb1 Nc6 13. e4 Bb3 14. axb3 axb3 15. Nxb3 Qb8 16. f3 Qa7 17. Bb5 Ne7 18. Kc1 c5 19. d5 exd5 20. Bxf6 c4 21. Bc3 cxb3 22. Qxb3 Rfc8 23. exd5 Rc5 24. Rhe1 h6 25. d6 Nc6 26. d7 1-0


[Site "https://www.chess.com"]

[Event "Titled Tuesday Blitz January 25 2022"]
[White "Martinez Alcantara, Jose Eduardo"]
[Black "Djordjevic, Vuk"]
[WhiteFideId "3805662"]
[BlackFideId "902098"]
[WhiteElo "2690"]
[BlackElo "2463"]
[Result "1-0"]
[Round "03"]
[TimeControl "180+1"]
[Date "2022.01.26"]
[WhiteClock "0:00:35"]
[BlackClock "0:00:03"]

1. e4 d5 2. exd5 Qxd5 3. Nf3 Bg4 4. Be2 Nc6 5. h3 Bxf3 6. Bxf3 Qe6+ 7. Qe2 Qxe2+ 8. Bxe2 Nd4 9. Bd1 g6 10. c3 Nc6 11. d3 Bh6 12. Bxh6 Nxh6 13. Nd2 Ne5 14. Be2 c5 15. O-O-O O-O-O 16. Nb3 b6 17. f4 Nc6 18. g4 f6 19. Rhe1 Rd6 20. Bf3 Re8 21. Nd2 Kc7 22. Kc2 Nf7 23. Nc4 Rd7 24. a3 b5 25. Nd2 Nd6 26. b4 cxb4 27. axb4 e5 28. Bxc6 Kxc6 29. fxe5 Rxe5 30. Nf3 Rxe1 31. Rxe1 Kd5 32. h4 h6 33. g5 hxg5 34. hxg5 fxg5 35. Re5+ Kc6 36. Rxg5 Rg7 37. Nd4+ Kb6 38. Kb3 a6 39. c4 bxc4+ 40. dxc4 Ne4 41. Re5 Ng3 42. c5+ Kb7 43. Re6 g5 44. Rb6+ Kc7 45. Ne6+ 1-0


[Site "https://www.chess.com"]

[Event "Titled Tuesday Blitz January 25 2022"]
[White "Michelakos, Panagiotis"]
[Black "Zelbel, Patrick"]
[WhiteFideId "4216067"]
[BlackFideId "24624322"]
[WhiteElo "2140"]
[BlackElo "2493"]
[Result "1-0"]
[Round "03"]
[TimeControl "180+1"]
[Date "2022.01.26"]
[WhiteClock "0:00:51"]
[BlackClock "0:01:11"]

1. d4 g6 2. c4 Bg7 3. Nc3 c5 4. e3 cxd4 5. exd4 Nf6 6. Nf3 d5 7. Be2 O-O 8. O-O Nc6 9. c5 Bf5 10. h3 Ne4 11. Bf4 b6 12. cxb6 axb6 13. Rc1 Nxc3 14. Rxc3 Na5 15. b3 f6 16. Qd2 Qd7 17. Rc7 Qe6 18. Re1 Qf7 19. b4 Be4 20. bxa5 Rxa5 21. Bd1 Kh8 22. a4 Qe8 23. Qb4 e5 24. dxe5 fxe5 25. Bxe5 Bxe5 26. Nxe5 Rf5 27. Ng4 1-0


[Site "https://www.chess.com"]

[Event "Titled Tuesday Blitz January 25 2022"]
[White "Mickiewicz, Piotr"]
[Black "Samadov, Read"]
[WhiteFideId "1114891"]
[BlackFideId "13417444"]
[WhiteElo "2266"]
[BlackElo "2084"]
[Result "0-1"]
[Round "03"]
[TimeControl "180+1"]
[Date "2022.01.26"]
[WhiteClock "0:00:10"]
[BlackClock "0:00:59"]

1. Nf3 Nf6 2. b3 g6 3. Bb2 Bg7 4. e3 O-O 5. c4 c5 6. Be2 Nc6 7. O-O d6 8. d3 e5 9. a3 Re8 10. Nc3 h6 11. Qc2 Bf5 12. Ne4 b6 13. Nfd2 Be6 14. Nxf6+ Qxf6 15. Ne4 Qe7 16. Nc3 Rad8 17. Bf3 Qd7 18. Nd5 f5 19. b4 Kh7 20. Bc3 Bf7 21. b5 Ne7 22. a4 Nxd5 23. Bxd5 Bxd5 24. cxd5 e4 25. dxe4 Bxc3 26. Qxc3 Rxe4 27. a5 Qxb5 28. Rfb1 Rb4 29. Rxb4 cxb4 30. Qf6 Rd7 31. axb6 Qxb6 32. Rc1 Qd8 33. Qe6 b3 34. Rc4 Rc7 35. Rxc7+ Qxc7 36. h4 b2 37. h5 b1=Q+ 38. Kh2 gxh5 0-1


[Site "https://www.chess.com"]

[Event "Titled Tuesday Blitz January 25 2022"]
[White "Mitusov, Semen"]
[Black "Vokhidov, Shamsiddin"]
[WhiteFideId "14151049"]
[BlackFideId "14204223"]
[WhiteElo "2246"]
[BlackElo "2611"]
[Result "0-1"]
[Round "03"]
[TimeControl "180+1"]
[Date "2022.01.26"]
[WhiteClock "0:00:29"]
[BlackClock "0:01:21"]

1. e4 c5 2. Nc3 Nc6 3. g3 g6 4. Bg2 Bg7 5. Nge2 d6 6. O-O Nf6 7. d3 O-O 8. h3 Rb8 9. f4 Nd7 10. g4 b5 11. Ng3 b4 12. Nce2 Ba6 13. g5 c4 14. h4 cxd3 15. cxd3 Nc5 16. d4 Nd7 17. d5 Na5 18. h5 Nc4 19. h6 Bh8 20. Rb1 Qb6+ 21. Kh2 b3 22. axb3 Qxb3 23. Nd4 Qxd1 24. Rxd1 Bxd4 25. Rxd4 Na3 26. Ra4 Nxb1 27. Rxa6 Rfc8 28. Rc6 Rxc6 29. dxc6 Nc5 30. e5 dxe5 31. fxe5 Nd3 32. Be3 Rxb2 33. e6 Ne1 34. c7 Rxg2+ 35. Kh3 Rc2 0-1


[Site "https://www.chess.com"]

[Event "Titled Tuesday Blitz January 25 2022"]
[White "Mortazavi, Ali"]
[Black "Babazada, Khazar"]
[WhiteFideId "401323"]
[BlackFideId "13413554"]
[WhiteElo "2339"]
[BlackElo "2418"]
[Result "0-1"]
[Round "03"]
[TimeControl "180+1"]
[Date "2022.01.26"]
[WhiteClock "0:00:06"]
[BlackClock "0:00:49"]

1. Nf3 g6 2. e4 Bg7 3. d4 d6 4. Nc3 a6 5. Be3 b5 6. a4 b4 7. Ne2 Bb7 8. Ng3 a5 9. Bd3 Nd7 10. Qd2 Ngf6 11. h3 h5 12. Bg5 e5 13. c3 exd4 14. cxd4 O-O 15. O-O Qe8 16. Rfe1 Nh7 17. Bh6 c5 18. Bb5 Qe7 19. Bxg7 Kxg7 20. Bxd7 Qxd7 21. dxc5 Rad8 22. Rad1 Qxa4 23. cxd6 Rfe8 24. Ng5 Qb5 25. Nxh7 Kxh7 26. Qf4 Rd7 27. e5 Re6 28. f3 a4 29. Rd4 Qc5 30. Kh2 a3 31. bxa3 bxa3 32. Rc1 Qxe5 33. Qxe5 Rxe5 34. Rc7 Rxc7 35. dxc7 Ra5 36. Rb4 Bc8 37. Rb8 a2 38. Rxc8 a1=Q 39. Re8 Ra8 40. c8=Q Rxc8 41. Rxc8 Qe5 42. h4 Qf6 43. Rc5 Qxh4+ 44. Kg1 Qd4+ 0-1


[Site "https://www.chess.com"]

[Event "Titled Tuesday Blitz January 25 2022"]
[White "Nasuta, Grzegorz"]
[Black "Sviridov, Valery"]
[WhiteFideId "1141686"]
[BlackFideId "4120680"]
[WhiteElo "2396"]
[BlackElo "2454"]
[Result "0-1"]
[Round "03"]
[TimeControl "180+1"]
[Date "2022.01.26"]
[WhiteClock "0:00:02"]
[BlackClock "0:00:59"]

1. e4 e5 2. Nf3 Nc6 3. Bc4 Nf6 4. d3 Bc5 5. O-O d6 6. c3 a6 7. Bb3 h6 8. Re1 O-O 9. h3 Be6 10. Nbd2 Ba7 11. Nf1 Qd7 12. Bc2 Rad8 13. Ng3 d5 14. exd5 Qxd5 15. Be3 Bxe3 16. Rxe3 Qd6 17. Ne4 Nxe4 18. Rxe4 Bd5 19. Re3 Kh8 20. Qe2 f6 21. Nh4 f5 22. Qh5 f4 23. Ree1 Kg8 24. Rad1 Qf6 25. Qg4 Rd6 26. d4 Be6 27. Qh5 Bf7 28. Qg4 exd4 29. cxd4 Nxd4 30. Bb1 c5 31. Qh5 Bxh5 0-1


[Site "https://www.chess.com"]

[Event "Titled Tuesday Blitz January 25 2022"]
[White "Navalgund, Niranjan"]
[Black "Kosakowski, Jakub"]
[WhiteFideId "5030854"]
[BlackFideId "1185080"]
[WhiteElo "2290"]
[BlackElo "2476"]
[Result "0-1"]
[Round "03"]
[TimeControl "180+1"]
[Date "2022.01.26"]
[WhiteClock "0:00:08"]
[BlackClock "0:00:39"]

1. e4 c6 2. Nc3 d5 3. Nf3 dxe4 4. Nxe4 Nf6 5. Qe2 Nxe4 6. Qxe4 Be6 7. Bc4 Bd5 8. Qe2 e6 9. d3 Be7 10. O-O O-O 11. Bf4 Nd7 12. Bg3 Bf6 13. Ne5 Bxe5 14. Bxe5 Bxc4 15. dxc4 Nxe5 16. Qxe5 Qd2 17. Qe4 Rad8 18. g3 Rd4 19. Qe1 Qxc2 20. b3 Rfd8 21. Qe3 h6 22. Kg2 b6 23. h3 c5 24. h4 Rd2 25. Rfe1 Qf5 26. Qf3 Qxf3+ 27. Kxf3 Rc2 28. Re2 Rd3+ 29. Re3 Rdd2 30. Rf1 Rxa2 31. Kg2 Kf8 32. Rf3 Ke7 33. Re1 a6 34. Re4 Rab2 35. g4 Rd4 36. Rxd4 cxd4 37. Rd3 e5 38. Kf3 Ke6 39. Kg3 Rc2 40. f3 Rc3 41. Rd2 Rxb3 0-1


[Site "https://www.chess.com"]

[Event "Titled Tuesday Blitz January 25 2022"]
[White "Nesterov, Arseniy"]
[Black "Carnicelli, Valerio"]
[WhiteFideId "24198455"]
[BlackFideId "856185"]
[WhiteElo "2489"]
[BlackElo "2323"]
[Result "1-0"]
[Round "03"]
[TimeControl "180+1"]
[Date "2022.01.26"]
[WhiteClock "0:01:14"]
[BlackClock "0:02:06"]

1. d4 Nf6 2. c4 g6 3. Nc3 Bg7 4. e4 d6 5. Be2 O-O 6. Be3 Na6 7. h4 h5 8. f3 c5 9. d5 Nc7 10. Nh3 b5 11. cxb5 a6 12. a4 axb5 13. axb5 Rxa1 14. Qxa1 Bb7 15. Kf2 e6 16. dxe6 fxe6 17. Kg1 Qe7 18. Qa7 d5 19. Bxc5 Qd7 20. Bxf8 Bxf8 21. Qxb7 Bc5+ 22. Kh2 Qd6+ 23. f4 d4 24. e5 Qd8 25. exf6 dxc3 26. bxc3 Bd6 27. Rd1 Nd5 28. Qg7# 1-0


[Site "https://www.chess.com"]

[Event "Titled Tuesday Blitz January 25 2022"]
[White "Novikov, Evgenij"]
[Black "Pranav, V"]
[WhiteFideId "4125380"]
[BlackFideId "25060783"]
[WhiteElo "2242"]
[BlackElo "2349"]
[Result "0-1"]
[Round "03"]
[TimeControl "180+1"]
[Date "2022.01.26"]
[WhiteClock "0:00:06"]
[BlackClock "0:00:11"]

1. e4 e5 2. Nf3 Nc6 3. Bb5 a6 4. Ba4 d6 5. d4 exd4 6. Nxd4 Bd7 7. O-O Nf6 8. Re1 Be7 9. c4 O-O 10. Nc3 Nxd4 11. Bxd7 Nxd7 12. Qxd4 Bf6 13. Qd3 Re8 14. f3 Nc5 15. Qc2 c6 16. Be3 Ne6 17. Rad1 Qc7 18. b3 b5 19. Ne2 Rad8 20. Nf4 Nxf4 21. Bxf4 Qa5 22. Bd2 Qc7 23. Bf4 h5 24. Rc1 Qa5 25. Bd2 Qa3 26. cxb5 cxb5 27. Be3 d5 28. Bb6 Rc8 29. Qxc8 Rxc8 30. Rxc8+ Kh7 31. exd5 Qxa2 32. Rcc1 h4 33. h3 Qxb3 34. d6 Qd5 35. Red1 Qe6 36. Bf2 b4 37. d7 b3 38. d8=Q Bxd8 39. Rxd8 a5 40. Ra8 b2 41. Rb1 Qa2 42. Rxb2 Qxb2 43. Rxa5 Qc1+ 44. Kh2 Qc7+ 0-1


[Site "https://www.chess.com"]

[Event "Titled Tuesday Blitz January 25 2022"]
[White "Obolenskikh, Dmitry"]
[Black "Nestorovic, Nikola"]
[WhiteFideId "4156013"]
[BlackFideId "934526"]
[WhiteElo "2512"]
[BlackElo "2411"]
[Result "1/2-1/2"]
[Round "03"]
[TimeControl "180+1"]
[Date "2022.01.26"]
[WhiteClock "0:00:22"]
[BlackClock "0:00:06"]

1. Nf3 d5 2. e3 Nf6 3. c4 e6 4. b3 b6 5. Bb2 Bb7 6. Nc3 Nbd7 7. cxd5 exd5 8. d4 a6 9. Be2 Bd6 10. O-O O-O 11. Rc1 Qe7 12. Rc2 Ne4 13. Qc1 f5 14. g3 g5 15. Re1 Rae8 16. Bf1 h5 17. Bg2 g4 18. Nh4 Qg7 19. Ba3 Bxa3 20. Qxa3 c6 21. Ne2 Qf7 22. Nf4 c5 23. dxc5 bxc5 24. b4 c4 25. Rd1 Ne5 26. Qa5 Rd8 27. Qb6 Rd6 28. Qd4 Re8 29. a4 Bc6 30. Ra2 Qd7 31. b5 axb5 32. axb5 Bxb5 33. Ra7 Qd8 34. Nxf5 Rd7 35. Nxh5 Rxa7 36. Qxa7 Qg5 37. Bxe4 dxe4 38. Qg7+ Qxg7 39. Nfxg7 Rc8 40. Nf5 Kf8 41. Nf4 c3 42. Ne6+ Kf7 43. Nd6+ Kxe6 44. Nxc8 c2 45. Rc1 Bd3 46. Nb6 Kd6 47. Kg2 Kc5 48. Nc8 Kc4 49. h4 gxh3+ 50. Kxh3 Kc3 51. Nd6 Kd2 52. Rxc2+ Kxc2 53. g4 Kd2 54. Kg3 Ke2 55. g5 Ng6 56. Nf5 Bc4 57. Nd6 Bd5 58. Kg4 Kxf2 59. Kf5 Nh4+ 60. Ke5 Bc6 61. Nxe4+ Bxe4 62. Kxe4 Kg3 63. Ke5 Kg4 64. Kf6 Kf3 65. g6 Nxg6 66. Kxg6 Kxe3 1/2-1/2


[Site "https://www.chess.com"]

[Event "Titled Tuesday Blitz January 25 2022"]
[White "Ortega Amarelle, Mariano"]
[Black "Gaehwiler, Gabriel"]
[WhiteFideId "3504301"]
[BlackFideId "1314530"]
[WhiteElo "2389"]
[BlackElo "2383"]
[Result "0-1"]
[Round "03"]
[TimeControl "180+1"]
[Date "2022.01.26"]
[WhiteClock "0:00:05"]
[BlackClock "0:00:11"]

1. c4 Nf6 2. Nf3 g6 3. Nc3 Bg7 4. e4 O-O 5. d4 d6 6. Be2 e5 7. Be3 exd4 8. Nxd4 Re8 9. f3 c6 10. Bf2 d5 11. exd5 cxd5 12. O-O Nc6 13. c5 Nh5 14. Qd2 Be5 15. g3 Ng7 16. Rfd1 Ne6 17. Nxe6 Bxe6 18. f4 Bg7 19. Bf3 Qf6 20. Nb5 Rad8 21. Nd4 h5 22. b4 Bg4 23. Bxg4 hxg4 24. b5 Nxd4 25. Bxd4 Qf5 26. Bxg7 Kxg7 27. Qd4+ Kg8 28. Re1 Re4 29. Rxe4 Qxe4 30. Qxe4 dxe4 31. Rc1 Kf8 32. Kf2 Ke7 33. Ke3 f5 34. c6 Rd3+ 35. Ke2 bxc6 36. Rxc6 Ra3 37. Rxg6 Rxa2+ 38. Ke3 Rb2 39. Rg7+ Ke6 40. Rxa7 Rxb5 41. Ra2 Rb3+ 42. Kf2 Kd5 43. Ra5+ Kd4 44. Ra4+ Kd3 45. Ra2 e3+ 46. Kg2 Rc3 47. h4 Rc2+ 48. Rxc2 Kxc2 49. h5 e2 50. h6 e1=Q 0-1


[Site "https://www.chess.com"]